groovejumper, neutral female human Archeologist ---------- ----- |........| ##|...| #+........| # |...| ###|........|######+...| ##0###########....<....|# # |...| # ### |........|# ####....| # # # #..(......|# # ----- ------------ # ##### #-|-----.--# # ##...........|I # # # ############ # # |..........@## 0#####[[#)## ### # # # # |..........|# # # ### ### # |...........0##########[#[##))###[### # # # |..........|# # # ### ### # |.....)....|# ## # # ) # # ------------ -+---------### ----.-.---# |.........-# |........|# |......>..|# |.........# |.........-# |.%......| ----------- ---------- groovejumper the Investigator Experience level: 6 Strength: 15 Dexterity: 11 Constitution: 8 Intelligence: 15 Wisdom: 16 Charisma: 10 Health: 0(45) Energy: 39(39) AC: 8 Gold: 517 Moves: 2604 Your Inventory: Coins $ - 517 gold pieces Weapons a - an uncursed +2 bullwhip (weapon in hand) F - 5 [uncursed +0] darts (in quiver) Armor b - an uncursed +0 leather jacket (being worn) c - an uncursed +0 fedora (being worn) s - an [uncursed] +0 pair of hiking boots [water walking] (being worn) Comestibles d - 4 uncursed food rations Scrolls q - an [uncursed] scroll labeled PHOL ENDE WODAN [of food detection] y - an [uncursed] scroll labeled FOOBIE BLETCH [of destroy armor] A - an [uncursed] scroll labeled JUYED AWK YACC [of create monster] C - a [blessed] scroll labeled FNORD [of flood] D - an [uncursed] scroll labeled FNORD [of flood] L - an [uncursed] scroll labeled ABRA KA DABRA [of enchant weapon] Potions p - a [cursed] diluted potion of blindness t - 2 [uncursed] clear potions [of water] w - a [blessed] silver potion [of levitation] z - an [uncursed] ochre potion [of paralysis] E - an [uncursed] potion of blindness G - a [cursed] orange potion [of full healing] Wands v - an [uncursed] bamboo wand [of sleep (0:8)] K - an [uncursed] wand of make invisible [0:5] Tools e - an uncursed +0 pick-axe f - an uncursed tinning kit (0:64) h - an uncursed sack i - an uncursed oil lamp (0:1125) m - an [uncursed] tin whistle J - an [uncursed] tin whistle Gems g - an uncursed touchstone o - an [uncursed] amber stone Spells known in the end: Name Level Category Fail Memory a - create monster 2 clerical 76% [||||||||] Your skills at the end: Fighting Skills Weapon Skills pick-axe [Basic / Expert] sling [Basic / Skilled] whip [Basic / Expert] Spellcasting Skills Final Attributes: You were piously aligned. Hunger level was 155. Your alignment was 22 / 23. Monster difficulty range was 0 - 5. Level difficulty was 5. You were blinded. You were stealthy. You could walk on water. You were fast. Your luck was zero. You are dead. Vanquished creatures: a leprechaun a gnome mummy a rock mole a yellow light a gnome lord a little dog a homunculus 10 hill orcs a giant bat 2 Kop Sergeants 3 orc zombies an acid blob a hobbit 4 manes a yellow mold a green mold 4 Keystone Kops a gnome zombie 2 geckos 2 jackals 2 kobolds a goblin 3 sewer rats 2 grid bugs 4 lichens 52 creatures vanquished. Voluntary challenges: You were an atheist. You used a wielded weapon 101 times. You read items or engraved 57 times. You put on armor 3 times. You never genocided any monsters. You never polymorphed an object. You never changed form. You used no wishes. You wrote Elbereth's name 40 times. You never encountered a bones level. You never used any Sokoban shortcuts. Dungeon overview: The Dungeons of Doom: levels 1 to 5 Level 1 some fountains a long staircase Level 3 a general store a long staircase Level 4 a fountain Level 5 <- You were here History has recorded: On T:1 you entered the Dungeons of Doom to retrieve the Amulet of Yendor! On T:109 you advanced to experience level 2. On T:368 you reached level 2 of The Dungeons of Doom. On T:563 you advanced to experience level 3. On T:700 you reached level 3 of The Dungeons of Doom. On T:894 you advanced to experience level 4. On T:1090 you reached level 4 of The Dungeons of Doom. On T:1207 you advanced to experience level 5. On T:1524 you reached level 5 of The Dungeons of Doom. On T:1643 you advanced to experience level 6. Latest messages: You stop waiting. [HP-2=9] You write "Elbereth" with your fingers into the dust. (2x) It bites! [HP-2=7] You write "Elbereth" with your fingers into the dust. (2x) You attack thin air. [HP+1=8] You write "Elbereth" with your fingers into the dust. It bites! (2x) [HP-7=1] You write "Elbereth" with your fingers into the dust. (4x) You attack thin air. You write "Elbereth" with your fingers into the dust. (3x) [HP+1=2] You write "Elbereth" with your fingers into the dust. (3x) It bites! You stop waiting. [4 turns] You miss it. It bites! You die... The sack is empty. Final status: Goodbye groovejumper the Archeologist... You died in The Dungeons of Doom on dungeon level 5 with 2444 points, and 517 pieces of gold, after 2604 moves. You were level 6 with a maximum of 45 hit points when you died.